 Dungeon Crawl Stone Soup version 0.22-a0-113-gdd6f4a9 (webtiles) character file.

292 zeke the Chopper (level 6, -2/52 HPs)
             Began as a Minotaur Fighter on Jan 28, 2018.
             Was an Initiate of Okawaru.
             Slain by Evablue's ghost (19 damage)
             ... on level 4 of the Dungeon.
             The game lasted 00:06:37 (3075 turns).

zeke the Chopper (Minotaur Fighter)                 Turns: 3075, Time: 00:06:38

Health: -2/52      AC:  7    Str: 21 (23) XL:     6   Next: 10%
Magic:  5/5        EV:  8    Int:  3 (5)  God:    Okawaru [......]
Gold:   195        SH:  9    Dex:  8 (9)  Spells: 5/5 levels left

rFire    + . .     SeeInvis .   a - +0 war axe
rCold    . . .     Gourm    .   c - +0 shield
rNeg     . . .     Faith    .   b - +0 scale mail
rPois    .         Spirit   .   (helmet restricted)
rElec    .         Reflect  .   (no cloak)
rCorr    .         Harm     .   (no gloves)
MR       .....                  (no boots)
Stlth    ..........             (no amulet)
HPRegen  0.17/turn              h - ring of protection from fire
MPRegen  0.09/turn              (no ring)

@: very slightly contaminated, invisible
A: retaliatory headbutt, horns 2
a: Renounce Religion


You were on level 4 of the Dungeon.
You worshipped Okawaru.
Okawaru was noncommittal.
You were very hungry.

You visited 2 branches of the dungeon, and saw 5 of its levels.

You collected 195 gold pieces.

Inventory:

Hand Weapons
 a - a +0 war axe (weapon)
Armour
 b - a +0 scale mail (worn)
 c - a +0 shield (worn)
Jewellery
 h - a ring of protection from fire (left hand)
Wands
 g - a wand of disintegration (7)
Scrolls
 i - a scroll of identify {unknown}
 j - a scroll of remove curse
 k - 2 scrolls of fog {unknown}
 m - 2 scrolls of teleportation
 n - a scroll of amnesia {unknown}
Potions
 d - a potion of might
 e - a potion of brilliance
Comestibles
 f - 11 rations


   Skills:
 + Level 4.2 Fighting
 * Level 5.3 Axes
 + Level 4.8 Armour
 + Level 1.8 Dodging
 + Level 4.8 Shields


You had 5 spell levels left.
You didn't know any spells.

Dungeon Overview and Level Annotations

Branches:
Dungeon (4/15)             Temple (1/1) D:4

Altars:
Ashenzari
Cheibriados
Dithmenos
Elyvilon
Fedhas
Gozag
Hepliaklqana
Kikubaaqudgha
Makhleb
Nemelex Xobeh
Okawaru
Qazlal
Ru
Sif Muna
Trog
Uskayaw
Vehumet
Wu Jian
Xom
Yredelemnul
Zin
The Shining One

Annotations:
D:4 Evablue's ghost, novice NaBe


Innate Abilities, Weirdness & Mutations

You reflexively headbutt those who attack you in melee.
You have a pair of horns on your head.


Message History

You block Evablue's ghost's attack.
The frilled lizard bites you but does no damage.
You slash Evablue's ghost!
Evablue's ghost is moderately damaged.
You hit the frilled lizard.
You kill the frilled lizard!
Okawaru accepts your kill. Evablue's ghost hits you. Evablue's ghost hits you!
You are electrocuted!
You hit Evablue's ghost.
You headbutt Evablue's ghost, but do no damage.
Evablue's ghost is moderately damaged.
Evablue's ghost hits you.
You closely miss Evablue's ghost. You headbutt Evablue's ghost!
Evablue's ghost is heavily damaged.
Evablue's ghost hits you.
You closely miss Evablue's ghost.
Evablue's ghost is heavily damaged.
Evablue's ghost hits you but does no damage.
You are electrocuted!
You die...

#............#
#.....
#............#
#.....
#............#
#.....
##...........#
#...........#
..##
#..........##
.....##.........#
#............# #
###..@########
##### ###W.#
##.... ##.#
#..... .. #.....
... ##.... ....
##... ..$.. ##..
.....# ##. ##


You could see Evablue's ghost.

Vanquished Creatures
  A centaur (D:2)
  An orc wizard (D:3)
  Jessica (D:3)
  Terence (D:3)
  A worker ant (D:4)
  3 adders
  An ooze (D:2)
  A worm (D:2)
  A dart slug (D:1)
  2 leopard geckos
  7 orcs (D:3)
  A ball python (D:1)
  3 giant cockroaches
  6 goblins
  4 hobgoblins
  6 jackals
  10 kobolds
  2 quokkas (D:3)
  7 bats
  5 frilled lizards
  8 rats
72 creatures vanquished.

Notes
Turn   | Place    | Note
-------+----------+-------------------------------------------
     0 | D:1      | zeke the Minotaur Fighter began the quest for the Orb.
     0 | D:1      | Reached XP level 1. HP: 19/19 MP: 0/0
   134 | D:1      | Reached XP level 2. HP: 25/27 MP: 1/1
   560 | D:1      | Reached XP level 3. HP: 31/33 MP: 2/2
   840 | D:2      | Noticed a centaur
   850 | D:2      | Killed a centaur
   850 | D:2      | Reached skill level 4 in Axes
   850 | D:2      | Reached skill level 1 in Dodging
   850 | D:2      | Reached XP level 4. HP: 13/40 MP: 3/3
  1432 | D:2      | Found a snail-covered altar of Cheibriados.
  1434 | D:2      | Found a shimmering altar of Xom.
  1434 | D:2      | Found a snail-covered altar of Cheibriados.
  1436 | D:2      | Found a shimmering altar of Xom.
  1436 | D:2      | Found a stormy altar of Qazlal.
  1436 | D:2      | Found a white marble altar of Elyvilon.
  1945 | D:3      | Reached XP level 5. HP: 43/46 MP: 4/4
  1973 | D:3      | Noticed Terence
  1988 | D:3      | Killed Terence
  2045 | D:3      | Noticed Jessica
  2048 | D:3      | Killed Jessica
  2048 | D:3      | Reached skill level 5 in Axes
  2625 | D:4      | Reached XP level 6. HP: 52/52 MP: 5/5
  2779 | D:4      | Found a staircase to the Ecumenical Temple.
  2822 | Temple   | Entered the Ecumenical Temple
  2930 | Temple   | Became a worshipper of Warmaster Okawaru
  3065 | D:4      | Noticed Evablue's ghost (novice NaBe)
  3075 | D:4      | Slain by Evablue's ghost

Vault maps used:
D:1:      evilmike_arrival_rings
D:2:      doesnt_xom_only_xom, minivault_19, minmay_misc_feat_nine_boxes
D:3:      uniq_terence, uniq_jessica
D:4:      temple_hall
Temple:   kilobyte_greek_temple

Skill      XL: |  1  2  3  4  5 |
---------------+----------------+-----
Armour         | 4 |  4.8
Shields        | 4 |  4.8
Fighting       | 4 |  4.2
Axes           | 4 5 |  5.3
Dodging        | 1 |  1.8

Action                   |  1- 3 |  4- 6 || total
-------------------------+-------+-------++-------
Melee: War axe           |    66 |   136 ||   202
       Headbutt          |     7 |    14 ||    21
Evoke: Wand              |       |     4 ||     4
  Use: Scroll            |     1 |     2 ||     3
       Potion            |       |     3 ||     3
  Eat: Chunk             |       |     6 ||     6
Armor: Scale mail        |    37 |    70 ||   107
Dodge: Dodged            |    26 |    45 ||    71
Block: Shield            |    40 |    71 ||   111

Table legend:
 A = Spawn XP
 B = Non-spawn XP
 C = Spawn XP percentage of total XP
 D = Spawn monster count
 E = Non-spawn monster count
 F = Spawn count percentage of total count
 G = Total turns spent on level
                    A         B        C        D         E        F      G
               +---------+---------+-------+---------+---------+-------+---------
         Total |       0 |     418 |   0.0 |       0 |      72 |   0.0 |  3075
               +---------+---------+-------+---------+---------+-------+---------
           D:1 |       0 |      44 |   0.0 |       0 |      25 |   0.0 |   826
           D:2 |       0 |     142 |   0.0 |       0 |      18 |   0.0 |  1093
           D:3 |       0 |     167 |   0.0 |       0 |      23 |   0.0 |   627
           D:4 |       0 |      65 |   0.0 |       0 |       6 |   0.0 |   382
               +---------+---------+-------+---------+---------+-------+---------
